[Event "2nd Hersonissos Open 2018"]
[Site "Hersonissos"]
[Date "2018.06.17"]
[Round "1"]
[White "Hommeles, Theo"]
[Black "Dagkonaki, Aspasia"]
[Result "1-0"]
[ECO "C10"]
[WhiteElo "2361"]
[BlackElo "1538"]
[Annotator "NA"]
[PlyCount "45"]
[EventDate "2018.06.16"]
[EventType "swiss"]
[EventCountry "GRE"]
[SourceTitle "playchess.com"]
[Source "ChessBase"]
[SourceQuality "1"]
[TimeControl "5400+30"]

1. d4 d5 2. e4 e6 3. Nc3 b6 4. Bd3 Bb7 5. exd5 Nf6 6. Bb5+ Nfd7 7. Qf3 a6 8. Bc6 Bxc6 9. dxc6 Nf6 10. Nge2 Be7 11. Bf4 Bd6 12. O-O-O Bxf4+ 13. Nxf4 Qd6 14. d5 $18 O-O 15. dxe6 Qxc6 16. exf7+ Kxf7 17. Ncd5 Re8 18. Rd3 Ra7 19. Rhd1 Qa4 20. Nxf6 gxf6 21. Qh5+ Kf8 22. Qh6+ Kg8 23. Rg3+ 1-0

[Event "2nd Hersonissos Open 2018"]
[Site "Hersonissos"]
[Date "2018.06.17"]
[Round "1"]
[White "Risting, Eivind Olav"]
[Black "Magoulianos, Nikolaos"]
[Result "1-0"]
[ECO "D35"]
[WhiteElo "2301"]
[BlackElo "1434"]
[Annotator "NA"]
[PlyCount "91"]
[EventDate "2018.06.16"]
[EventType "swiss"]
[EventCountry "GRE"]
[SourceTitle "playchess.com"]
[Source "ChessBase"]
[SourceQuality "1"]
[TimeControl "5400+30"]

1. d4 d5 2. c4 e6 3. Nc3 Nf6 4. cxd5 exd5 5. Bg5 Be7 6. Qc2 Be6 7. e3 {[%emt 0:00:34] D35: Queen's Gambit Declined: Exchange Variation} Nbd7 8. Bd3 c5 9. dxc5 Nxc5 10. Nge2 $146 ({Predecessor:} 10. Bb5+ Kf8 11. Nge2 Rc8 12. O-O Nfe4 13. Bf4 Nxc3 14. Nxc3 Ne4 {1-0 (54) Kovacs,J (2041)-Hrnciar,R (2081) Slovakia 2013}) 10... O-O 11. O-O h6 12. Bh4 Rc8 13. Rfd1 Qc7 14. Rac1 Rfd8 15. Qb1 Nxd3 16. Qxd3 Qc4 17. Bg3 Ne4 18. Be5 Qxd3 19. Rxd3 Bf6 20. Bxf6 Nxf6 21. Rcd1 Rd7 22. f3 Bf5 23. Rd4 Re7 24. Nxd5 Nxd5 $14 25. Rxd5 Rxe3 26. Kf2 Rce8 27. Nc3 R3e5 28. Rxe5 Rxe5 29. g4 Be6 30. f4 Ra5 31. f5 Bc4 32. b3 Ba6 33. Rd8+ Kh7 34. b4 Ra3 35. Rc8 b6 36. Rc7 Bd3 37. Ke3 Bb1 38. Kd2 Bxa2 39. Kc2 a5 40. b5 Rb3 41. Nxa2 Rxb5 42. Rxf7 Rc5+ 43. Nc3 b5 44. Kd3 Rc4 45. Ne4 Rc6 46. f6 1-0

[Event "2nd Hersonissos Open 2018"]
[Site "Hersonissos"]
[Date "2018.06.17"]
[Round "1"]
[White "Djingarova, Emilia"]
[Black "Ergazaki, Eirini"]
[Result "1-0"]
[ECO "D00"]
[WhiteElo "2218"]
[BlackElo "1348"]
[Annotator "NA"]
[PlyCount "59"]
[EventDate "2018.06.16"]
[EventType "swiss"]
[EventCountry "GRE"]
[SourceTitle "playchess.com"]
[Source "ChessBase"]
[SourceQuality "1"]
[TimeControl "5400+30"]

1. d4 d5 2. Bf4 Nf6 3. e3 e6 4. Nf3 Be7 5. Nbd2 Nbd7 6. Bd3 O-O 7. Ne5 {[%emt 0:00:36] D02: 1 d4 d5 2 Nf3 sidelines, including 2...Nf6 3 g3 and 2...Nf6 3 Bf4} Nxe5 8. dxe5 Nd7 9. Qh5 g6 10. Qe2 c5 11. c3 Qc7 $146 ({Predecessor:} 11... f6 12. exf6 Bxf6 13. Bh6 Re8 14. Nf3 Qc7 15. e4 c4 16. Bc2 b5 17. O-O {1-0 (55) Sedlak,N (2528)-Nuber,B (2324) Bayern 2015}) 12. Nf3 Re8 {[%emt 0:00:46] [#]} 13. h4 $1 Bf8 ({Black should try} 13... h5 $1 $14) 14. h5 c4 15. Bc2 $2 (15. hxg6 $18 cxd3 16. gxf7+ (16. gxh7+ Kh8 $11) 16... Kxf7 17. Qxd3 (17. Rxh7+ Kg8 $18)) 15... a6 16. Ng5 Bg7 17. Nxh7 Nf8 18. Nxf8 Kxf8 19. hxg6 fxg6 20. Bxg6 Re7 $18 21. Bg5 Rd7 22. Qf3+ Kg8 23. Bh7+ Kh8 24. Bf5+ Kg8 25. Bxe6+ Rf7 26. Bxd5 Bxe5 27. Qe4 Kf8 28. Bxf7 Kxf7 29. Rh7+ Bg7 30. Bh6 1-0

[Event "2nd Hersonissos Open 2018"]
[Site "Hersonissos"]
[Date "2018.06.17"]
[Round "1"]
[White "Vanheirzeele, Daniel"]
[Black "Saklampanakis, Dimitrios"]
[Result "1-0"]
[ECO "D30"]
[WhiteElo "2156"]
[BlackElo "1319"]
[Annotator "NA"]
[PlyCount "61"]
[EventDate "2018.06.16"]
[EventType "swiss"]
[EventCountry "GRE"]
[SourceTitle "playchess.com"]
[Source "ChessBase"]
[SourceQuality "1"]
[TimeControl "5400+30"]

1. d4 d5 2. c4 e6 3. Nf3 Nf6 4. g3 Nbd7 5. Bg2 b6 6. O-O Ba6 7. Ne5 Bd6 8. Qa4 Bb7 9. Nc3 O-O 10. Nxd7 Qxd7 $16 11. Qxd7 Nxd7 12. cxd5 exd5 13. Nxd5 Rae8 14. Be3 Ba6 15. Bf3 c6 16. Nc3 c5 17. Rfd1 Re6 18. Bd5 Re7 19. Bg5 Ree8 20. Bc6 Bc8 21. dxc5 f6 22. Rxd6 fxg5 23. Bxd7 Bxd7 24. Rxd7 bxc5 25. Rxa7 Rb8 26. b3 Rf5 27. Rd1 Rbf8 28. Rdd7 R5f7 29. Rxf7 Rxf7 30. Ra8+ Rf8 31. Rxf8+ 1-0

[Event "2nd Hersonissos Open 2018"]
[Site "Hersonissos"]
[Date "2018.06.17"]
[Round "1"]
[White "Serpetsidakis, Nikolaos"]
[Black "Matthaiaki, Nefeli"]
[Result "1-0"]
[ECO "D53"]
[WhiteElo "2126"]
[BlackElo "1284"]
[Annotator "NA"]
[PlyCount "59"]
[EventDate "2018.06.16"]
[EventType "swiss"]
[EventCountry "GRE"]
[SourceTitle "playchess.com"]
[Source "ChessBase"]
[SourceQuality "1"]
[TimeControl "5400+30"]

1. d4 d5 2. c4 e6 3. Nc3 Nf6 4. Bg5 Be7 5. e3 O-O 6. Bd3 h6 7. Bh4 Nbd7 8. Nf3 b6 9. O-O Bb7 10. Nd2 c5 11. b3 Rc8 12. Rc1 Re8 13. Bg3 a6 14. Qe2 cxd4 15. exd4 dxc4 16. bxc4 Nb8 17. Nb3 Bd6 18. Rfd1 $11 Bxg3 19. hxg3 Qe7 20. f4 a5 21. g4 Nc6 22. Nb5 Nd7 23. Nd2 Rcd8 24. Re1 Ba8 25. Nf3 Qf6 26. Qe3 Nf8 27. Nc7 Re7 28. Nxa8 Rxa8 29. g5 hxg5 30. fxg5 1-0

[Event "2nd Hersonissos Open 2018"]
[Site "Hersonissos"]
[Date "2018.06.17"]
[Round "1"]
[White "Umbetov, Kazybek"]
[Black "Kavouras, Kosmas"]
[Result "1-0"]
[ECO "D31"]
[WhiteElo "2001"]
[BlackElo "1184"]
[Annotator "NA"]
[PlyCount "99"]
[EventDate "2018.06.16"]
[EventType "swiss"]
[EventCountry "GRE"]
[SourceTitle "playchess.com"]
[Source "ChessBase"]
[SourceQuality "1"]
[TimeControl "5400+30"]

1. d4 d5 2. c4 c6 3. Nc3 e6 4. e4 Nf6 5. e5 Nfd7 6. Nf3 Be7 {[%emt 0:00:58] A18: English Opening: Flohr-Mikenas System (1 c4 Nf6 2 Nc3 e6 3 e4)} 7. Bd3 (7. Be3 O-O 8. Bd3 dxc4 9. Bxc4 Nb6 10. Bd3 Nd5 11. Bc2 f6 12. exf6 Bxf6 13. h4 e5 14. Nxd5 cxd5 15. Nxe5 Bxe5 16. dxe5 {1-0 (61) Ponkratov,P (2613)-Laszczak,P (2100) Katowice 2017}) 7... b6 8. Be3 $146 ({Predecessor:} 8. O-O Bb7 9. Re1 Na6 10. cxd5 cxd5 11. a3 Nc7 12. Bf4 a6 13. Qc2 h6 14. Rac1 {1-0 (39) Pedersen,C (2249)-Leimand,P (2029) Horsens 2003}) 8... Bb7 9. cxd5 cxd5 10. Rc1 Na6 11. O-O O-O 12. Ne2 Nb4 13. Bb1 Rc8 14. Rxc8 Qxc8 15. a3 Nc6 16. Qc2 g6 17. Bh6 Re8 18. Rc1 Bf8 19. Be3 Ne7 20. Qa4 Nc6 21. h4 b5 22. Qxb5 Ba6 23. Qxc6 Qxc6 24. Rxc6 Bxe2 25. Rc7 Bxf3 26. Rxd7 Be2 27. Rxa7 Bc4 28. Bc2 Rb8 29. b3 Bxb3 30. Bxb3 Rxb3 31. a4 Ra3 32. a5 Kg7 33. g4 h6 34. a6 Bb4 35. Rb7 Rxa6 36. Rxb4 Rc6 37. Kg2 h5 38. gxh5 gxh5 39. Rb8 Rc2 40. Kf3 Ra2 41. Kf4 Kg6 42. Rh8 Ra1 43. Kf3 Rh1 44. Rh6+ Kg7 45. Rxh5 Kg6 $18 46. Rh6+ Kg7 47. Bg5 Rh3+ 48. Kg4 Rd3 49. Kh5 Rxd4 50. Bf6+ 1-0

[Event "2nd Hersonissos Open 2018"]
[Site "Hersonissos"]
[Date "2018.06.17"]
[Round "1"]
[White "Sielicki, Tomasz"]
[Black "Fragkiadakis, Nikolaos Emm"]
[Result "1-0"]
[ECO "D37"]
[WhiteElo "1963"]
[BlackElo "1169"]
[Annotator "NA"]
[PlyCount "49"]
[EventDate "2018.06.16"]
[EventType "swiss"]
[EventCountry "GRE"]
[SourceTitle "playchess.com"]
[Source "ChessBase"]
[SourceQuality "1"]
[TimeControl "5400+30"]

1. d4 d5 2. c4 e6 3. Nc3 Nf6 4. Nf3 Nbd7 5. Bf4 Bb4 6. Qb3 Bxc3+ 7. bxc3 b6 8. cxd5 exd5 9. e3 Bb7 10. Bb5 c6 11. Be2 O-O 12. O-O Re8 13. Rac1 h6 14. h3 Ne4 15. c4 Rc8 16. cxd5 cxd5 17. Bb5 Re7 18. Qa3 a5 19. Rxc8 Bxc8 20. Rc1 Nf8 21. Rxc8 Qxc8 22. Qxe7 Qc2 23. Be8 Qb1+ 24. Kh2 Qb4 25. Qxf7+ 1-0

[Event "2nd Hersonissos Open 2018"]
[Site "Hersonissos"]
[Date "2018.06.17"]
[Round "1"]
[White "Bit-Narva, David"]
[Black "Kealar, Ioannis"]
[Result "1-0"]
[ECO "C64"]
[WhiteElo "1926"]
[BlackElo "1142"]
[Annotator "NA"]
[PlyCount "75"]
[EventDate "2018.06.16"]
[EventType "swiss"]
[EventCountry "GRE"]
[SourceTitle "playchess.com"]
[Source "ChessBase"]
[SourceQuality "1"]
[TimeControl "5400+30"]

1. e4 e5 2. Nf3 Nc6 3. Bb5 Bc5 4. O-O d6 5. c3 Bd7 6. d4 Bb6 7. Re1 Nf6 8. a4 a6 9. Bf1 h6 10. h3 O-O 11. Na3 Ba7 12. d5 Ne7 13. b4 b5 14. Bb2 Qb8 15. axb5 axb5 16. Qe2 c6 17. dxc6 Bxc6 18. Nxb5 Nxe4 19. Nxa7 Rxa7 20. Rxa7 Qxa7 21. Ra1 Qb6 22. Ra6 Qb7 23. b5 Bd7 24. Qe3 Nf5 25. Qa7 Qxa7 26. Rxa7 Be6 27. g4 Rb8 28. gxf5 Bxf5 29. Bc4 Be6 30. Bxe6 fxe6 31. c4 Nc5 32. Ba3 Rb6 33. Bxc5 dxc5 34. Nxe5 Rd6 35. Ra8+ Kh7 36. Rh8+ Kxh8 37. Nf7+ Kg8 38. Nxd6 1-0

[Event "2nd Hersonissos Open 2018"]
[Site "Hersonissos"]
[Date "2018.06.17"]
[Round "1"]
[White "Mateev, Kaloyan Mateev"]
[Black "Haug, Johannes"]
[Result "0-1"]
[ECO "A45"]
[WhiteElo "1539"]
[BlackElo "2401"]
[Annotator "NA"]
[PlyCount "91"]
[EventDate "2018.06.16"]
[EventType "swiss"]
[EventCountry "GRE"]
[SourceTitle "playchess.com"]
[Source "ChessBase"]
[SourceQuality "1"]
[TimeControl "5400+30"]

1. d4 Nf6 2. Bf4 e6 3. e3 b6 4. Nf3 Bb7 5. Nbd2 d6 6. Bd3 g6 {[%emt 0:00:22] A47: 1 d4 Nf6 2 Nf3 b6: Torre, London and Colle Systems} 7. c3 Bg7 8. Qc2 Nbd7 9. h3 Qe7 10. O-O-O $146 {[%emt 0:08:41] [#]} ({Predecessor:} 10. e4 e5 11. Bh2 O-O 12. O-O Nh5 13. Rfe1 {½-½ (57) Fernandez,D (2481)-Indjic,A (2569) Budapest 2017}) 10... e5 $1 11. Bg5 e4 12. Nxe4 Bxe4 13. Bxe4 Qxe4 14. Qxe4+ Nxe4 15. Bh4 f5 16. Ng5 Bf6 17. Nxe4 Bxh4 18. Ng3 Bxg3 19. fxg3 Nf6 20. Rhf1 O-O 21. Rf3 h5 22. Kc2 Rae8 23. Rdf1 Re4 24. Kd3 Rfe8 25. Re1 b5 26. Rc1 Nd5 27. Re1 c5 28. a3 a5 29. Re2 Kf7 30. Kd2 c4 31. Re1 Rb8 32. Rc1 Ke6 33. Ke2 g5 $19 34. Rcf1 Rf8 35. Kd2 g4 36. R3f2 Rxe3 37. Re2 Rxe2+ 38. Kxe2 Kf6 39. h4 Re8+ 40. Kd2 a4 41. Rf2 Re3 42. Re2 Rxe2+ 43. Kxe2 f4 44. Kf2 Kf5 45. gxf4 Kxf4 46. g3+ {[%emt 0:00:00] Ke5} 0-1

[Event "2nd Hersonissos Open 2018"]
[Site "Hersonissos"]
[Date "2018.06.17"]
[Round "1"]
[White "Vitsaxaki, Iris"]
[Black "L'ami, Alina"]
[Result "0-1"]
[ECO "A49"]
[WhiteElo "1443"]
[BlackElo "2307"]
[Annotator "NA"]
[PlyCount "60"]
[EventDate "2018.06.16"]
[EventType "swiss"]
[EventCountry "GRE"]
[SourceTitle "playchess.com"]
[Source "ChessBase"]
[SourceQuality "1"]
[TimeControl "5400+30"]

1. d4 Nf6 2. Nf3 g6 3. g3 Bg7 4. Bg2 O-O 5. O-O d6 6. Nbd2 Nc6 7. c3 Re8 8. Nc4 Be6 9. Ne3 Bd7 10. Nc2 e5 11. dxe5 dxe5 12. Re1 e4 13. Nfd4 Nxd4 14. Nxd4 c5 15. Nc2 b6 16. Bg5 h6 17. Be3 Qe7 18. f3 (18. a4 $15) 18... Rad8 $17 19. Qc1 Kh7 20. Bf2 Bc6 21. Ne3 exf3 22. exf3 Qb7 23. Nc4 Rxe1+ 24. Qxe1 Bxf3 25. Bxf3 Qxf3 26. Qe7 Ng4 27. Be1 Rd1 28. Rxd1 Qxd1 29. Kg2 Qd5+ 30. Kh3 Qxc4 0-1

[Event "2nd Hersonissos Open 2018"]
[Site "Hersonissos"]
[Date "2018.06.17"]
[Round "1"]
[White "Koutsouraki, Ariadni"]
[Black "Ranaldi, Lucas"]
[Result "0-1"]
[ECO "B92"]
[WhiteElo "1373"]
[BlackElo "2283"]
[Annotator "NA"]
[PlyCount "68"]
[EventDate "2018.06.16"]
[EventType "swiss"]
[EventCountry "GRE"]
[SourceTitle "playchess.com"]
[Source "ChessBase"]
[SourceQuality "1"]
[TimeControl "5400+30"]

1. e4 c5 2. Nf3 d6 3. d4 cxd4 4. Nxd4 Nf6 5. Nc3 a6 6. Be2 e5 7. Nb3 Be7 8. O-O O-O 9. Be3 Nbd7 10. Qd2 {[%emt 0:07:30] B92: Sicilian Najdorf: 6 Be2} (10. a4 b6 11. Bc4 Bb7 12. Nd2 Qc7 13. Qe2 Nc5 14. Rfd1 Rfd8 15. Bxc5 Qxc5 16. Nf1 b5 17. Bb3 bxa4 18. Rxa4 Bc6 19. Rc4 {1-0 (29) Fedoseev,V (2664)-Bocharov,D (2595) Moscow 2016}) 10... b5 11. a3 Bb7 12. f3 Rc8 13. Rad1 Nb6 14. Qc1 $146 ({Predecessor:} 14. Qe1 d5 15. exd5 Nbxd5 16. Nxd5 Nxd5 17. Bd3 f5 {0-1 (25) Salman,S (2010)-Nasanjargal,U (2304) Zaozhuang 2012}) 14... Qc7 15. Bf2 d5 16. exd5 Nbxd5 17. Nxd5 Nxd5 18. Bd3 Nf4 19. Qd2 Rfd8 20. Rfe1 Bd5 $17 21. Nc1 Bf6 22. Qe3 Nxd3 23. cxd3 Be6 24. Ne2 Qc2 25. Qd2 Qxd2 26. Rxd2 Bg5 27. Rdd1 Bb3 28. Ra1 Bd2 29. Rf1 Rc2 30. Ng3 Rxb2 31. Ne4 Rxd3 32. Nxd2 Rdxd2 33. Rac1 h6 34. Rce1 Bc4 0-1

[Event "2nd Hersonissos Open 2018"]
[Site "Hersonissos"]
[Date "2018.06.17"]
[Round "1"]
[White "Kealar, Konstantinos"]
[Black "Lirindzakis, Timotheos"]
[Result "0-1"]
[ECO "A45"]
[WhiteElo "1323"]
[BlackElo "2163"]
[Annotator "NA"]
[PlyCount "60"]
[EventDate "2018.06.16"]
[EventType "swiss"]
[EventCountry "GRE"]
[SourceTitle "playchess.com"]
[Source "ChessBase"]
[SourceQuality "1"]
[TimeControl "5400+30"]

1. d4 Nf6 2. Bg5 Ne4 3. Bf4 d5 4. e3 c5 5. Nf3 Nc6 6. c4 cxd4 7. Nxd4 e6 8. a3 Qa5+ 9. Nd2 Nxd2 10. b4 {[%emt 0:00:21] [#]} Nxb4 $1 11. axb4 Bxb4 12. Rxa5 Ne4+ 13. Ke2 Nc3+ 14. Kd3 Nxd1 15. Rb5 a5 16. cxd5 $19 (16. Bg3) 16... Nxf2+ 17. Ke2 Nxh1 18. d6 f6 19. Nc2 e5 20. Nxb4 axb4 21. Rxb4 exf4 22. Rxf4 Ra2+ 23. Ke1 Be6 24. Bb5+ Kf7 25. d7 Rxg2 26. Rd4 Ke7 27. Kf1 Rb2 28. Ba4 b5 29. Bd1 Nf2 30. Bf3 Bxd7 0-1

[Event "2nd Hersonissos Open 2018"]
[Site "Hersonissos"]
[Date "2018.06.17"]
[Round "1"]
[White "Alexandrakis, Georgios"]
[Black "Lobersli, Henrik Oie"]
[Result "0-1"]
[ECO "A43"]
[WhiteElo "1299"]
[BlackElo "2134"]
[Annotator "NA"]
[PlyCount "66"]
[EventDate "2018.06.16"]
[EventType "swiss"]
[EventCountry "GRE"]
[SourceTitle "playchess.com"]
[Source "ChessBase"]
[SourceQuality "1"]
[TimeControl "5400+30"]

1. d4 Nf6 2. Nf3 c5 3. d5 b5 4. e3 Qb6 5. c4 bxc4 6. a3 Ba6 7. Nc3 e6 8. e4 Be7 9. Be2 exd5 10. exd5 O-O 11. O-O d6 12. Re1 Re8 13. Rb1 Nbd7 14. Qa4 Qb7 15. Bxc4 Bxc4 16. Qxc4 Nb6 17. Qb3 Nfxd5 18. Nxd5 Qxd5 19. Qc2 Bf6 20. Be3 Qc6 21. b4 Rac8 22. bxc5 Nd5 23. Bg5 Rxe1+ 24. Rxe1 dxc5 25. Qc4 Nb6 26. Qc2 h6 27. Be3 Nd5 28. Bd2 c4 29. Be3 Nxe3 30. Rxe3 c3 31. Re1 Rb8 32. Rc1 Qc5 33. a4 Rb2 0-1

[Event "2nd Hersonissos Open 2018"]
[Site "Hersonissos"]
[Date "2018.06.17"]
[Round "1"]
[White "Tsapaki, Asimenia"]
[Black "Loshkarev, Dmitri"]
[Result "0-1"]
[ECO "C46"]
[WhiteElo "1284"]
[BlackElo "2089"]
[Annotator "NA"]
[PlyCount "60"]
[EventDate "2018.06.16"]
[EventType "swiss"]
[EventCountry "GRE"]
[SourceTitle "playchess.com"]
[Source "ChessBase"]
[SourceQuality "1"]
[TimeControl "5400+30"]

1. e4 e5 2. Nf3 Nc6 3. Nc3 g6 4. d4 exd4 5. Nxd4 Bg7 6. Be3 Nf6 7. Be2 O-O 8. Qd2 Re8 9. f3 d5 10. Nxc6 bxc6 11. O-O-O Qe7 12. Bd3 dxe4 13. Nxe4 Nxe4 14. Bxe4 Rb8 15. Bd4 Rd8 16. Qe3 Rxd4 17. Rxd4 $19 c5 18. Rd2 Bxb2+ 19. Kd1 Bd4 20. Rxd4 Rb1+ 21. Kd2 cxd4 22. Qxd4 Rxh1 23. Qxa7 Qd6+ 24. Kc3 Rxh2 25. Qa4 Bd7 26. Qa8+ Kg7 27. Qa5 Rh5 28. Qa7 Rc5+ 29. Kb2 Qd4+ 30. Kc1 Rxc2+ 0-1

[Event "2nd Hersonissos Open 2018"]
[Site "Hersonissos"]
[Date "2018.06.17"]
[Round "1"]
[White "Koutsourakis, Emmanouil"]
[Black "Angermuende, Dirk"]
[Result "0-1"]
[ECO "E24"]
[WhiteElo "1175"]
[BlackElo "1966"]
[Annotator "NA"]
[PlyCount "100"]
[EventDate "2018.06.16"]
[EventType "swiss"]
[EventCountry "GRE"]
[SourceTitle "playchess.com"]
[Source "ChessBase"]
[SourceQuality "1"]
[TimeControl "5400+30"]

1. d4 Nf6 2. c4 e6 3. Nc3 Bb4 4. a3 Bxc3+ 5. bxc3 c5 6. Bg5 Qa5 7. Bd2 Ne4 8. Qc2 Nxd2 9. Qxd2 Nc6 10. e3 O-O 11. Bd3 d6 12. Ne2 Qc7 13. O-O b6 14. Qc2 f5 15. e4 g6 16. f3 Qg7 17. Qd2 cxd4 18. exf5 exf5 19. cxd4 Nxd4 20. Qf4 Nxe2+ 21. Bxe2 Qe5 22. Qd2 Ba6 23. Rfe1 Qc5+ 24. Kf1 Rfe8 25. Qd5+ Qxd5 26. cxd5 Rxe2 27. Rxe2 Rc8 28. Kf2 Bxe2 29. Kxe2 Kf7 30. Kd3 Ke7 31. g4 fxg4 32. fxg4 Rf8 33. Re1+ Kd7 34. Re3 Rf4 35. Rh3 Rf7 36. Re3 Kc7 37. Kc3 b5 38. h3 Kb6 39. Kd4 Rf4+ 40. Kc3 a5 41. Rd3 Kc5 42. Kb3 Rd4 43. Rc3+ Kxd5 44. Rc7 Rd3+ 45. Kb2 Rxh3 46. Ra7 a4 47. Rf7 h5 48. gxh5 gxh5 49. Rf5+ Kc4 50. Rf4+ Kc5 0-1

[Event "2nd Hersonissos Open 2018"]
[Site "Hersonissos"]
[Date "2018.06.17"]
[Round "1"]
[White "Vlatas, Dimitrios"]
[Black "Stefanov, Evtim"]
[Result "0-1"]
[ECO "A00"]
[WhiteElo "1146"]
[BlackElo "1959"]
[Annotator "NA"]
[PlyCount "32"]
[EventDate "2018.06.16"]
[EventType "swiss"]
[EventCountry "GRE"]
[SourceTitle "playchess.com"]
[Source "ChessBase"]
[SourceQuality "1"]
[TimeControl "5400+30"]

1. g3 d5 2. Bg2 e5 3. d3 f5 4. Nd2 Nf6 5. e4 Bc5 6. exd5 Nxd5 7. Ngf3 O-O 8. O-O Nc6 9. Re1 Nf6 10. b3 Ng4 11. Rf1 Be6 12. h3 Nf6 13. Nxe5 Nxe5 14. Re1 Bxf2+ 15. Kxf2 Qd4+ 16. Kf1 Qxa1 0-1

[Event "2nd Hersonissos Open 2018"]
[Site "Hersonissos"]
[Date "2018.06.18"]
[Round "2"]
[White "Loshkarev, Dmitri"]
[Black "Aggeletos, Marios"]
[Result "1-0"]
[ECO "B23"]
[WhiteElo "2089"]
[BlackElo "1769"]
[Annotator "NA RC"]
[PlyCount "55"]
[EventDate "2018.06.16"]
[EventType "swiss"]
[EventCountry "GRE"]
[SourceTitle "playchess.com"]
[Source "ChessBase"]
[SourceQuality "1"]
[TimeControl "5400+30"]

1. e4 c5 2. Nc3 d6 3. f4 Nc6 4. Nf3 g6 5. Bc4 {[%emt 0:02:17] LiveBook: 336 Games} e6 6. O-O Nge7 7. f5 gxf5 (7... exf5 $15 8. exf5 Bxf5) 8. Ng5 Ne5 $2 (8... Ng6 $1 $11 {and Black has nothing to worry.} 9. Nxf7 Kxf7) 9. Qh5 $1 N7g6 10. exf5 exf5 {[%emt 0:15:22] [#]} 11. d3 $2 (11. Re1 $1 $18 Bg7 12. d4 cxd4 13. Nxf7) 11... Nxc4 12. dxc4 Be6 13. Re1 ({White should try} 13. Nd5 $16 Bxd5 14. cxd5) 13... Kd7 $2 {[%emt 0:07:54] [#]} ({Better is} 13... Qd7 $1 $14) 14. Qf3 (14. Nxf7 $142 $1 Qf6 (14... Bxf7 15. Qxf5+) 15. Nxh8 Qxh8 16. Bd2) 14... Bg7 $2 (14... Be7 $16 {was necessary.}) 15. Nxf7 $16 ({Less strong is} 15. Qxb7+ Qc7 $16) (15. Rxe6 $18 {and the rest is easy.} fxe6 16. Qxb7+ Qc7 17. Qxc7+ Kxc7 18. Nxe6+ Kc6 19. Nxg7) 15... Bd4+ 16. Kh1 Nh4 17. Qxb7+ Qc7 18. Qxc7+ Kxc7 19. Nxh8 Bxc4 20. Re7+ Kc6 21. Bg5 Nxg2 22. Kxg2 Rxh8 23. Bf4 Rg8+ 24. Kf3 h5 25. Rae1 h4 26. Rh7 Rb8 27. Ree7 Bxc3 28. bxc3 1-0

[Event "2nd Hersonissos Open 2018"]
[Site "Hersonissos"]
[Date "2018.06.18"]
[Round "2"]
[White "Angermuende, Dirk"]
[Black "Spirou, Gerasimos"]
[Result "1-0"]
[ECO "C44"]
[WhiteElo "1966"]
[BlackElo "1716"]
[Annotator "NA RC"]
[PlyCount "69"]
[EventDate "2018.06.16"]
[EventType "swiss"]
[EventCountry "GRE"]
[SourceTitle "playchess.com"]
[Source "ChessBase"]
[SourceQuality "1"]
[TimeControl "5400+30"]

1. e4 e5 2. Nf3 Nc6 3. c3 d5 4. Qa4 dxe4 (4... f6 $11) 5. Nxe5 $1 Qd5 6. Bb5 (6. Nxc6 $16 bxc6 7. Bc4) 6... Nge7 {[%emt 0:00:11] LiveBook: 19 Games} ({Of course not} 6... Qxe5 $6 7. Bxc6+ Kd8 8. Qxe4 $16) 7. Nxc6 {[%emt 0:14:21] C44: Ponziani Opening and Scotch Gambit} (7. f4 exf3 8. Nxf3 a6 9. Be2 Bf5 10. O-O O-O-O 11. d4 Qd7 12. b4 f6 13. Na3 Nd5 14. Bd2 Re8 15. Rfe1 Nb6 16. Qb3 Be6 {½-½ (31) Lu,S (2599)-Topalov,V (2813) Baku 2015}) 7... Nxc6 8. Qc4 $146 ({Predecessor:} 8. O-O Bd7 9. Re1 O-O-O 10. Na3 Bd6 11. Nc4 Rhe8 12. Nxd6+ Qxd6 13. d4 exd3 14. Bf4 Qg6 {0-1 (65) Rubil,M (2298)-Sadilek,M (2194) Vienna 2017}) 8... Qxc4 9. Bxc4 Bd7 (9... Ne5 $17 10. Be2 Be6) 10. O-O O-O-O 11. Bxf7 Ne5 12. Bb3 Bb5 13. Rd1 $2 {[%emt 0:05:02] [#]} (13. d4 $11 {and White stays safe.} exd3 14. Bf4) 13... Bc5 (13... Bd3 $1 $19 {and Black stays clearly on top.} 14. Na3 Bc5) 14. Be6+ {[%emt 0:01:49] [#]} (14. d4 $17 exd3 15. a4) 14... Kb8 (14... Bd7 $1 $19 15. Bxd7+ Rxd7) 15. b4 Be2 (15... Bb6 $17 16. d4 exd3) 16. Re1 Nd3 $2 (16... Bxf2+ $1 $14 17. Kxf2 Bh5) 17. Rxe2 Nxc1 18. Rxe4 Bb6 19. d4 Rhe8 20. Na3 Rd6 21. Rxc1 Rdxe6 22. Rxe6 Rxe6 23. Kf1 a5 24. b5 c5 25. d5 Re4 26. c4 Bc7 (26... a4 $142 27. Re1 Rd4) 27. g3 Rd4 28. Ke2 Be5 $18 29. f3 g5 30. Rd1 g4 31. Rxd4 gxf3+ 32. Kxf3 Bxd4 33. Nc2 Bg7 34. Ke4 Kc7 35. Ne3 1-0

[Event "2nd Hersonissos Open 2018"]
[Site "Hersonissos"]
[Date "2018.06.18"]
[Round "2"]
[White "Stefanov, Evtim"]
[Black "Aggeletou, Fereniki"]
[Result "1-0"]
[ECO "A40"]
[WhiteElo "1959"]
[BlackElo "1103"]
[Annotator "NA RC"]
[PlyCount "45"]
[EventDate "2018.06.16"]
[EventType "swiss"]
[EventCountry "GRE"]
[SourceTitle "playchess.com"]
[Source "ChessBase"]
[SourceQuality "1"]
[TimeControl "5400+30"]

1. c4 b6 2. d4 e6 3. e4 Bb7 4. Nc3 d6 5. f4 {[%emt 0:00:41] A40: Unusual replies to 1 d4} g6 6. Nf3 Bg7 7. Bd3 Ne7 8. O-O Nd7 9. Be3 a5 $146 ({Predecessor:} 9... O-O 10. Qd2 Nf6 11. h3 c5 12. d5 exd5 13. cxd5 {1-0 (47) Grandelius,N (2647)-Stany,G (2502) London 2017}) 10. Qc2 O-O 11. f5 Nc6 (11... exf5 $14 12. exf5 Re8) 12. a3 e5 {[%emt 0:01:25] [#]} 13. d5 $1 Nd4 14. Bxd4 exd4 15. Ne2 Ne5 16. Nfxd4 ({Better is} 16. Nexd4 $16 Qe7 17. Rae1) 16... Nxd3 (16... Qg5 $11 {hält das Gleichgewicht.} 17. Rf4 Qe7) 17. Qxd3 Kh8 18. Rf3 Rg8 $2 (18... Be5 19. Raf1 g5) 19. Rh3 (19. fxg6 $18 fxg6 20. Ne6) 19... gxf5 $2 (19... Be5 {was necessary.} 20. Qd2 g5) 20. Nxf5 Bxb2 {[%emt 0:00:35] [#]} (20... Qg5 $18 21. Rg3 Qf6) 21. Rxh7+ $1 Kxh7 22. Qh3+ Kg6 23. Qh6# 1-0